 Dungeon Crawl Stone Soup version 0.18-a0-1800-gdc7a371 (webtiles) character file.

54 Lokkij the Slasher (level 3, 23/31 HPs)
             Began as a Centaur Fighter on Apr 24, 2016.
             Quit the game on level 1 of the Dungeon.
             The game lasted 00:02:39 (1119 turns).

Lokkij the Slasher (Centaur Fighter)                Turns: 1119, Time: 00:02:40

Health: 23/31      AC:  5    Str: 18    XL:     3   Next: 66%
Magic:  3/3        EV:  6    Int:  7    God:
Gold:   70         SH:  8    Dex:  9    Spells: 0 memorised, 2 levels left

rFire  . . .     SeeInvis .     a - +1 long sword
rCold  . . .     Gourm    .     g - +0 ring mail
rNeg   . . .     Faith    .     c - +0 shield
rPois  .         Spirit   .     (no helmet)
rElec  .         Dismiss  .     (no cloak)
rCorr  .         Reflect  .     (no gloves)
SustAt .         Harm     .     (no barding)
MR     .....                    (no amulet)
Stlth  ..........               (no ring)
                                (no ring)

@: very quick, not resistant to hostile enchantments, extremely unstealthy
A: hooves 3, deformed body, speed 2, tough skin 3
a: no special abilities


You were on level 1 of the Dungeon.
You were not hungry.

You visited 1 branch of the dungeon, and saw 2 of its levels.

You collected 70 gold pieces.

Inventory:

Hand Weapons
 a - a +1 long sword (weapon)
Armour
 b - a +0 scale mail
 c - a +0 shield (worn)
 g - a +0 ring mail (worn)
Jewellery
 j - an uncursed ring of wizardry {unknown}
Scrolls
 e - 4 scrolls of remove curse {unknown}
Potions
 d - 2 potions of might
 h - a potion of cancellation {unknown}
 k - a potion of curing {unknown}
 l - a potion of magic {unknown}
Comestibles
 f - a bread ration
 i - a beef jerky
 m - a royal jelly
 n - a chunk of flesh


   Skills:
 - Level 3.0 Fighting
 + Level 3.6 Long Blades
 - Level 2.1 Armour
 - Level 2.1 Shields


You had 2 spell levels left.
You didn't know any spells.

Dungeon Overview and Level Annotations

Branches:
Dungeon (2/15)

Altars:
Vehumet

Annotations:
D:2 Ijyb, Sigmund, Terence


Innate Abilities, Weirdness & Mutations

You have hooves in place of feet.
Armour fits poorly on your strangely shaped body.
You cover ground very quickly.
You have extremely tough skin (AC +3).


Message History

You hit the adder. Your kick misses the adder.
The adder is severely wounded.
You block the adder's attack. The rat bites you but does no damage.
The adder barely misses you. You block the rat's attack.
You closely miss the adder.
The adder is severely wounded.
The adder bites you but does no damage. You block the rat's attack.
The adder bites you but does no damage.
You slash the adder!
You kill the adder!
You block the rat's attack. The rat bites you but does no damage.
You see here an adder corpse.
The rat bites you but does no damage.
You slash the rat!
You kill the rat!
You see here a rat corpse.
You butcher the rat corpse.
n - a chunk of flesh Are you sure you want to abandon this character and quit the game? (Confirm with "yes".)

#..###.###.#.#####......#
#..#.#.#.#.#.#...#.####.#
#..#.###.#.###.###.# #.#
#..#.....#.....#...# #.#
#÷)###.###.###.###.# #.#
#....#.#...#.#...#.## #.#
#..###.#####.#####..# #.#
#............†......# #.#
#...........@>(.....# #.#
##.#########.#####)## #.#
#.##........#####.####.#
#.##........##.......#.#
#.#..................#.####
#.#.........(.#..#.).#....#
#.#......)...........####.#
#.#.........#......#..###.#
#.#.......................#


There were no monsters in sight!

Vanquished Creatures
  A gnoll (D:1)
  2 adders (D:1)
  A bat (D:1)
  4 giant cockroaches (D:1)
  4 hobgoblins (D:1)
  5 kobolds (D:1)
  A giant newt (D:1)
  4 goblins (D:1)
  4 rats (D:1)
26 creatures vanquished.

Notes
Turn   | Place    | Note
--------------------------------------------------------------
     0 | D:1      | Lokkij the Centaur Fighter began the quest for the Orb.
     0 | D:1      | Reached XP level 1. HP: 19/19 MP: 1/1
   232 | D:1      | Reached XP level 2. HP: 26/26 MP: 2/2
   327 | D:1      | You fall through a shaft!
   327 | D:2      | Noticed Sigmund
   327 | D:2      | Noticed Terence
   327 | D:2      | Noticed Ijyb
   335 | D:2      | Found a radiant altar of Vehumet.
   376 | D:1      | Reached XP level 3. HP: 26/31 MP: 3/3
  1119 | D:1      | Quit the game

Vault maps used:
D:1:      evilmike_arrival_hilbert_curve, minmay_misc_feat_plants,
          kennysheep_minor_cross
D:2:      vehumet_crystals, uniq_sigmund, uniq_terence, uniq_iyjb

Skill      XL: |  1  2 |
---------------+-------+-----
Long Blades    | 2 3 |  3.6
Fighting       | |  3.0
Armour         | |  2.1
Shields        | |  2.1

Action                   || total
-------------------------++-------
Melee: Long sword        ||    85
       Kick              ||    13
  Use: Scroll            ||     1
       Potion            ||     1
Armor: Ring mail         ||    42
Dodge: Dodged            ||    33
Block: Shield            ||    54
